 Dungeon Crawl Stone Soup version 0.27-a0-417-g317cea8a3c (webtiles) character file.

Game seed: 9225847396547127481

49 HoaS the Twirler (level 3, -4/29 HPs)
             Began as a Demigod Gladiator on Feb 25, 2021.
             Killed from afar by Sigmund (8 damage)
             ... with a puff of flame
             ... on level 3 of the Dungeon.
             The game lasted 00:02:08 (2029 turns).

HoaS the Twirler (Demigod Gladiator)                Turns: 2029, Time: 00:02:08

Health: -4/29      AC: 10    Str: 19    XL:     3   Next: 33%
Magic:  5/5        EV:  8    Int: 10    God:
Gold:   140        SH:  0    Dex: 15    Spells: 2/2 levels left

rFire    . . .     SeeInvis .   a - +0 quarterstaff
rCold    . . .     Faith    .   (shield currently unavailable)
rNeg     . . .     Spirit   .   h - +0 chain mail
rPois    .         Reflect  .   c - +0 helmet
rElec    .         Harm     .   o - +0 cloak
rCorr    .         Rampage  .   (no gloves)
Will     .....                  (no boots)
Stlth    ..........             (no amulet)
HPRegen  0.09/turn              (no ring)
MPRegen  0.09/turn              (no ring)

@: no status effects
A: high mp 1
a: no special abilities


You were on level 3 of the Dungeon.
You visited 1 branch of the dungeon, and saw 3 of its levels.

You collected 140 gold pieces.

Inventory:

Hand Weapons
 a - a +0 quarterstaff (weapon)
Missiles
 d - 3 throwing nets (quivered)
 k - 2 boomerangs
Armour
 c - a +0 helmet (worn)
 h - a +0 chain mail (worn)
 o - a +0 cloak (worn)
Scrolls
 e - 6 scrolls of identify {unknown}
 i - a scroll of enchant armour {unknown}
 l - 3 scrolls of teleportation {unknown}
 m - 2 scrolls of fog {unknown}
 n - a scroll of amnesia {unknown}
 q - a scroll of fear {unknown}
Potions
 b - a potion of curing {unknown}
 f - a potion of attraction {unknown}
 g - 2 potions of heal wounds {unknown}
 j - a potion of mutation {unknown}
 p - 2 potions of degeneration {unknown}


   Skills:
 - Level 1.7 Fighting
 + Level 4.2 Staves
 - Level 1.7 Throwing
 - Level 2.6 Dodging


You had 2 spell levels left.
You didn't know any spells.
Your spell library contained the following spells:

 Spells                   Type           Power        Failure   Level
 Animate Skeleton         Necr           0%           99%         1
 Apportation              Tloc           0%           99%         1
 Corona                   Hex            0%           99%         1
 Summon Small Mammal      Summ           0%           99%         1


Dungeon Overview and Level Annotations

Branches:
Dungeon (3/15)

Annotations:
D:3 Sigmund


Innate Abilities, Weirdness & Mutations

You have an increased reservoir of magic. (+10% MP)


Message History

The kobold shouts!
A kobold comes into view.
It is wielding a +0 short sword and quivering poisoned darts.
Sigmund the Dreaded comes into view.
He is wielding a +0 vorpal scythe and wearing a +2 robe of positive energy.
Found a stone staircase leading down.
You hit the kobold.
You kill the kobold!
The kobold throws a poisoned dart.
The poisoned dart barely misses you.
The kobold throws a stone.
The stone hits you but does no damage.
Things that are here:
a +0 short sword; a +0 leather armour; a kobold corpse Sigmund gestures at himself while chanting.
Sigmund flickers and vanishes!
Deactivating autopickup; reactivate with Ctrl-A.
The kobold closely misses you.
Things that are here:
a +0 short sword; a +0 leather armour; a kobold corpse You hit the kobold.
You kill the kobold!
The kobold throws a stone.
The stone hits you but does no damage.
You swing at nothing.
Something hits you but does no damage.
You sock the kobold!
You kill the kobold!
You hear some strange, mumbled words.
Something tries to affect you, but you resist.
You swing at nothing.
Something hits you!
You swing at nothing.
You swing at nothing.
Something hits you.
You swing at nothing.
Something hits you but does no damage.
You swing at nothing.
Something hits you but does no damage.
Items here: (( ))) [ ††.
You barely miss something. Something hits you.
You miss something. Something hits you but does no damage.
You hit something. You hit something but do no damage. Something hits you!
* * * LOW HITPOINT WARNING * * *
x2 You hit something.
You hear some strange, mumbled words.
A puff of flame appears from out of thin air!
The puff of flame hits you!
You die...

........# ........#
......>.. ........#
........##
.......!' .
........# #
......{.# #
#######@# # #.# #
#.# # #.## # #..# #
##.## # #..# #
####.######.#######
#...........#......


There were no monsters in sight!

Vanquished Creatures
  An adder (D:3)
  A worm (D:2)
  3 leopard geckos
  A ball python (D:2)
  A giant cockroach (D:1)
  A goblin (D:2)
  A hobgoblin (D:2)
  4 jackals
  7 bats
  2 frilled lizards
  7 kobolds
  4 rats
33 creatures vanquished.

Notes
Turn   | Place    | Note
-------+----------+-------------------------------------------
     0 | D:1      | HoaS the Demigod Gladiator began the quest for the Orb.
     0 | D:1      | Reached XP level 1. HP: 17/17 MP: 3/3
   168 | D:1      | Reached skill level 3 in Staves
   460 | D:1      | Reached XP level 2. HP: 21/24 MP: 4/4
   848 | D:2      | Found a sacrificial altar of Ru.
  1587 | D:2      | Reached XP level 3. HP: 29/29 MP: 5/5
  1718 | D:3      | Reached skill level 4 in Staves
  2010 | D:3      | Noticed Sigmund
  2029 | D:3      | Killed from afar by Sigmund

Illustrated notes

Levels and vault maps discovered:
D:1:      onia_arrival_mini_maze_b, layout_rooms
D:2:      kb_forest_paths, layout_basic, minmay_misc_feat_pillars,
          nicolae_ru_sacrificial_ziggurat
D:3:      mumra_celtic_spiral_tile, layout_basic, lemuel_coloured_pillars_altar,
          uniq_sigmund

Skill      XL: |  1  2  3 |
---------------+----------+-----
Staves         | 3 4 |  4.2
Fighting       | |  1.7
Throwing       | |  1.7
Dodging        | |  2.6

Action                   || total
-------------------------++-------
Melee: Quarterstaff      ||    92
 Stab: Sleeping          ||     1
Armor: Chain mail        ||    42
       Leather armour    ||     7
Dodge: Dodged            ||    45

Table legend: (Time is in decaauts)
 A = Elapsed time spent in this place.
 B = Non-inter-level travel time spent in this place.
 C = Inter-level travel time spent in this place.
 D = Time resting spent in this place.
 E = Time spent auto-exploring this place.
 F = Levels seen in this place.
 G = Mean time per level.
                   A        B        C        D        E       F      G
               +--------+--------+--------+--------+--------+-----+--------+
         Total |   2040 |   1938 |    102 |    109 |   1591 |   3 |  680.0 |
       Dungeon |   2040 |   1938 |    102 |    109 |   1591 |   3 |  680.0 |
               +--------+--------+--------+--------+--------+-----+--------+

Top non-repeatable levels by time:
     D:2: 1027 daAuts
     D:1: 656 daAuts
     D:3: 356 daAuts
